 Dungeon Crawl Stone Soup version 0.32-a0-666-ge8a88695a4 (webtiles) character file.

Game seed: 5267681235864554911

52 ezpacito the Chopper (level 3, -1/29 HPs)
             Began as a Coglin Chaos Knight on Mar 9, 2024.
             Was a Plaything of Xom.
             Slain by an orc
             ... wielding a +0 whip
              (4 damage)
             ... on level 1 of the Dungeon.
             The game lasted 00:00:36 (684 turns).

ezpacito the Chopper (Coglin Chaos Knight)           Turns: 684, Time: 00:00:37

Health: -1/29      AC:  5    Str: 12 (14) XL:     3   Next: 85%
Magic:  3/3        EV: 11    Int:  8 (11) God:    Xom [.*....]
Gold:   106        SH:  0    Dex: 12 (13) Spells: 2/2 levels left

rFire   . . .        a - +0 hand axe (chaos) {Ashmeen}
rCold   . . .        f - +0 dagger (venom) {Ekveer}
rNeg    . . .        b - +2 leather armour
rPois   .            (no helmet)
rElec   .            (no cloak)
rCorr   .            (no gloves)
SInv    .            (no boots)
Will    .....        (amulet unavailable)
Stlth   +            (ring unavailable)
HPRegen 0.24/turn    (ring unavailable)
MPRegen 0.08/turn    (no gizmo)

%: no passive effects
@: revved
A: off-hand wielding, slow wielding, warmup strikes, no jewellery
a: Invent Gizmo, Renounce Religion


You were on level 1 of the Dungeon.
You worshipped Xom.
You were a plaything of Xom.
You visited 1 branch of the dungeon, and saw 1 of its levels.

You collected 106 gold pieces.

Inventory:

Hand Weapons
 a - a +0 hand axe of chaos (weapon) {Ashmeen}
 f - a +0 dagger of venom (offhand) {Ekveer}
Armour
 b - a +2 leather armour (worn)
Scrolls
 c - a scroll of butterflies
 d - a scroll of immolation {unknown}
 e - a scroll of amnesia {unknown}
 g - a scroll of noise {unknown}
 i - 3 scrolls of fear {unknown}
 k - a scroll of identify {unknown}


   Skills:
 * Level 3.2 Fighting
 * Level 3.4 Axes
 + Level 0.6(2.0) Polearms
 * Level 2.2 Armour
 * Level 1.5 Dodging
 + Level 0.4 Stealth
 + Level 0.2 Spellcasting


You had 2 spell levels left.
You didn't know any spells.
Your spell library was empty.

Dungeon Overview and Level Annotations

Branches:
Dungeon (1/15)

Altars:


Innate Abilities, Weirdness & Mutations

You can wield a second weapon in your off-hand.
It takes a long time for you to wield or remove held weapons.
Your first few attacks do less damage.
You cannot equip rings or amulets.


Message History

The orc hits you with a +0 falchion.
You take 5 damage, and have 21/29 hp.
You hit the quokka with your +0 dagger of venom.
The quokka is poisoned.
The quokka is moderately wounded.
You hit the quokka with your +0 hand axe of chaos.
You kill the quokka!
You hit the orc with your +0 hand axe of chaos.
Lightning courses through the orc!
You kill the orc!
You hit the orc with your +0 hand axe of chaos.
You burn the orc. The orc hits you with a +0 flail.
You take 6 damage, and have 15/29 hp.
MASSIVE DAMAGE!!
You hit the orc but do no damage.
The orc is poisoned.
You hit the orc but do no damage.
The orc falls asleep!
The orc shouts!
You hit the orc with your +0 hand axe of chaos.
You kill the orc!
It was a potion of cancellation.
You feel magically purged.
Xom thinks this is hilarious!
The rat bites you but does no damage. The orc hits you but does no damage.
It was a potion of degeneration.
There was something very wrong with that liquid.
You feel weakened.
You feel dopey.
You feel clumsy. The orc barely misses you. The rat bites you.
The orc hits you with a +0 whip. The orc hits you with a +0 mace.
* * * LOW HITPOINT WARNING * * *
The orc hits you with a +0 flail.
* * * LOW HITPOINT WARNING * * *
You take 13 damage, and have 3/29 hp.
MASSIVE DAMAGE!!
You barely miss the orc with your +0 dagger of venom.
You hit the orc with your +0 hand axe of chaos.
You freeze the orc.
You hit the orc with your +0 hand axe of chaos.
The orc seems to grow stronger.
You hit the orc but do no damage.
The orc is moving more slowly.
You completely miss the rat with your +0 hand axe of chaos.
The orc misses you. The rat closely misses you.
The orc hits you with a +0 whip.
You die...

....##....................#...#
..#....#....#.............#...#
...#..##.#.#........###...#...#
..##.......#..............#...#
..##..#..##....########...#...#
.#..##...#....## ....#...#...#
#......#(....#####....#...#...#
.....##......ß.#o#o...#.......#
..#.............@ooJ..#.÷.#...#
.#.÷##.##......)oro...#...#..##
...#.).#.....ß.#.#o⌠..#...#..##
...#.#.......#####....#...#...#
#...###...##..## ....#...#..##
...#....#...#..########...#..#
##........................#..##
###########################...##
##############............÷....#


You could see 7 orcs, an endoplasm and a rat.

Vanquished Creatures
  2 dart slugs (D:1)
  5 orcs (D:1)
  4 bats (D:1)
  3 endoplasms (D:1)
  2 giant cockroaches (D:1)
  3 goblins (D:1)
  A hobgoblin (D:1)
  A jackal (D:1)
  4 kobolds (D:1)
  5 quokkas (D:1)
  2 frilled lizards (D:1)
  5 rats (D:1)
37 creatures vanquished.

Vanquished Creatures (others)
  A giant cockroach zombie (D:1)
1 creature vanquished.

Grand Total: 38 creatures vanquished

Notes
Turn   | Place    | Note
-------+----------+-------------------------------------------
     0 | D:1      | ezpacito the Coglin Chaos Knight began the quest for the
                  | Orb.
     0 | D:1      | Reached XP level 1. HP: 18/18 MP: 1/1
    15 | D:1      | XOM: smoke on damage
    26 | D:1      | Reached skill level 1 in Dodging
    28 | D:1      | Reached XP level 2. HP: 19/24 MP: 2/2
   122 | D:1      | Found a large runed translucent door.
   122 | D:1      | Found a large runed translucent door.
   190 | D:1      | XOM: silly message
   245 | D:1      | Reached XP level 3. HP: 27/29 MP: 3/3
   675 | D:1      | XOM: blink monster(s)
   684 | D:1      | Slain by an orc

Illustrated notes

Levels and vault maps discovered:
D:1:      erik_arrival_cave_to_civilisation [erik_arrival_cave_to_temple],
          layout_rooms

Skill      XL: |  1 |
---------------+----+-----
Dodging        | 1 |  1.5
Armour         | 2 |  2.2
Fighting       | |  3.2
Axes           | |  3.4
Polearms       | |  0.6
Stealth        | |  0.4
Spellcasting   | |  0.2

Action                     || total
---------------------------++-------
  Melee: Dagger            ||    48
         Hand axe          ||    52
    Use: Potion            ||     2
   Stab: Sleeping          ||     1
 Armour: Leather armour    ||    38
  Dodge: Dodged            ||    46

Table legend: (Time is in decaauts)
 A = Elapsed time spent in this place.
 B = Non-inter-level travel time spent in this place.
 C = Inter-level travel time spent in this place.
 D = Time resting spent in this place.
 E = Time spent auto-exploring this place.
 F = Levels seen in this place.
 G = Mean time per level.
                   A        B        C        D        E       F      G
               +--------+--------+--------+--------+--------+-----+--------+
         Total |    687 |    687 |      0 |      0 |    557 |   1 |  687.0 |
       Dungeon |    687 |    687 |      0 |      0 |    557 |   1 |  687.0 |
               +--------+--------+--------+--------+--------+-----+--------+

Top non-repeatable levels by time:
     D:1: 687 daAuts
